 Dungeon Crawl Stone Soup version 0.29.0-13-gc9e81de378 (webtiles) character file.

Game seed: 1667970265582837651

5632 rogsnak the Zephyrmancer (level 10, -1/73 HPs)
             Began as a Pale Draconian Air Elementalist on Sept 6, 2022.
             Was a Priest of Vehumet.
             Slain by a centaur warrior zombie (9 damage)
             ... on level 10 of the Dungeon on Sept 8, 2022.
             The game lasted 00:28:58 (9756 turns).

rogsnak the Zephyrmancer (DrAE)                     Turns: 9756, Time: 00:28:58

Health: -1/73      AC: 11    Str: 11    XL:     10   Next: 46%
Magic:  10/31      EV: 13    Int: 20    God:    Vehumet [***...]
Gold:   636        SH:  0    Dex: 11    Spells: 17/26 levels left

rFire   . . .      SeeInvis .   V - +2 falchion (drain)
rCold   . . .      Faith    .   (no shield)
rNeg    . . .      Spirit   .   (body armour unavailable)
rPois   +          Reflect  .   (helmet restricted)
rElec   .          Harm     .   J - +1 cloak {rPois}
rCorr   .          Rampage  .   E - +1 pair of gloves
Will    .....                   (no boots)
Stlth   ++........              e - amulet of magic regeneration
HPRegen 0.22/turn               G - ring of flight
MPRegen 0.62/turn               x - ring of magical power

@: about to teleport, flying
A: breathe steam, AC +7, unfitting armour, cold-blooded, steam resistance
a: Breathe Steam, Renounce Religion


You were on level 10 of the Dungeon.
You worshipped Vehumet.
Vehumet was most pleased with you.
You visited 2 branches of the dungeon, and saw 11 of its levels.

You collected 636 gold pieces.

Inventory:

Hand Weapons
 y - a +0 dagger of electrocution
 H - a +2 halberd of freezing
 V - a +2 falchion of draining (weapon)
 X - a +2 dagger of venom
Missiles
 c - 8 boomerangs
 B - 20 poisoned darts
 F - 3 boomerangs of dispersal
 K - 3 curare-tipped darts
Armour
 E - a +1 pair of gloves (worn)
 I - the +0 cloak of Trumpets {Int+2}
   (You found it on level 6 of the Dungeon)

   Int:       It affects your intelligence (+2).
 J - a +1 cloak of poison resistance (worn)
Jewellery
 e - an amulet of magic regeneration (around neck)
 n - a ring of willpower
 r - a ring of protection from fire
 s - a ring of resist corrosion
 t - a +6 ring of strength
 u - a ring of fire
 x - a ring of magical power (right hand)
 G - a ring of flight (left hand)
 S - a ring of wizardry
Wands
 L - a wand of flame (30)
 N - a wand of light (6)
 T - a wand of roots (6)
Scrolls
 b - 11 scrolls of identify {unknown}
 g - 2 scrolls of magic mapping {unknown}
 h - 3 scrolls of enchant weapon {unknown}
 i - 2 scrolls of enchant armour {unknown}
 k - a scroll of torment {unknown}
 l - 2 scrolls of noise {unknown}
 m - 2 scrolls of amnesia {unknown}
 v - 2 scrolls of silence {unknown}
 w - 6 scrolls of teleportation
 z - 2 scrolls of blinking {unknown}
 D - 2 scrolls of immolation {unknown}
 P - a scroll of butterflies {unknown}
 W - a scroll of fear {unknown}
Potions
 a - a potion of magic
 d - a potion of resistance {unknown}
 f - 5 potions of attraction {unknown}
 j - 7 potions of curing {unknown}
 o - 2 potions of heal wounds {unknown}
 p - 4 potions of degeneration {unknown}
 q - 4 potions of haste {unknown}
 A - 4 potions of brilliance {unknown}
 C - 3 potions of flight {unknown}
 M - 2 potions of mutation {unknown}
 O - a potion of cancellation {unknown}
 Q - 2 potions of invisibility {unknown}
 R - 2 potions of berserk rage {unknown}


   Skills:
 + Level 1.7 Fighting
 + Level 3.7 Dodging
 - Level 2.0 Stealth
 + Level 8.8 Spellcasting
 * Level 8.7 Conjurations
 + Level 0.3 Fire Magic
 + Level 9.6 Air Magic


You had 17 spell levels left.
You knew the following spells:

 Your Spells              Type           Power      Damage    Failure   Level
a - Shock                 Conj/Air       100%       1d9       1%          1
b - Airstrike             Air            23%        2d(4-20)  1%          4
c - Flame Wave            Conj/Fire      27%        2d9       3%          4

Your spell library contained the following spells:

 Spells                   Type           Power      Damage    Failure   Level
 Scorch                   Fire           20%        2d6       3%          2
 Foxfire                  Conj/Fire      100%       2x1d9     1%          1
 Static Discharge         Conj/Air       45%        3-9/arc   1%          2
 Conjure Flame            Conj/Fire      27%        6-21      1%          3
 Swiftness                Air            47%        N/A       1%          3
 Inner Flame              Hex/Fire       9%         N/A       6%          3
 Frozen Ramparts          Ice            16%        1d3       7%          3
 Animate Dead             Necr           8%         N/A       61%         4
 Ice Form                 Ice/Tmut       8%         N/A       61%         4
 Summon Ice Beast         Ice/Summ       8%         N/A       61%         4
 Summon Forest            Summ/Tloc      4%         N/A       91%         5
 Summon Mana Viper        Hex/Summ       8%         N/A       91%         5
 Summon Cactus Giant      Summ           4%         N/A       100%        6
 Haunt                    Necr/Summ      4%         N/A       100%        7
 Infestation              Necr           4%         N/A       100%        8


Dungeon Overview and Level Annotations

Branches:
Dungeon (10/15)            Temple (1/1) D:4            Lair (0/5) D:8
    Orc (0/2) D:10

Altars:
Ashenzari
Cheibriados
Dithmenos
Elyvilon
Fedhas
Gozag
Hepliaklqana
Kikubaaqudgha
Makhleb
Nemelex Xobeh
Okawaru
Qazlal
Ru
Sif Muna
Trog
Uskayaw
Vehumet
Wu Jian
Xom
Yredelemnul
Zin
The Shining One

Shops:
D:10 [


Innate Abilities, Weirdness & Mutations

You can breathe blasts of scalding, opaque steam.
Your pale cyan-grey scales are hard. (AC +7)
You cannot fit into any form of body armour.
You are cold-blooded and may be slowed by cold attacks.
You are immune to the effects of steam.


Message History

Confirm with . or Enter, or press ? or * to list all spells.
Casting: Flame Wave (dangerous; 3% risk of failure)
Press: ? - help, Dir - look around, f - activate A wave of flame ripples out!
The flame wave engulfs the hellwing.
The hellwing is heavily wounded.
The flame wave engulfs the shadow imp.
You kill the shadow imp!
Vehumet accepts your kill. (Press . to intensify the flame waves.)
The hellwing hits you!
* * * LOW HITPOINT WARNING * * *
The hellwing hits you.
* * * LOW HITPOINT WARNING * * *
Unknown command.
A wave of flame ripples out!
The flame wave engulfs the hellwing.
The hellwing is heavily wounded.
The flame wave engulfs the centaur warrior zombie!
The centaur warrior zombie is heavily damaged.
The flame wave engulfs the centaur warrior zombie.
The centaur warrior zombie is heavily damaged.
The flame wave engulfs the shadow imp!
You kill the shadow imp!
Vehumet accepts your kill.
You feel your power returning. The centaur warrior zombie misses you.
The centaur warrior zombie closely misses you.
The hellwing misses you. The hellwing hits you.
* * * LOW HITPOINT WARNING * * *
A wave of flame ripples out!
The flame wave engulfs the hellwing but does no damage.
The hellwing is heavily wounded.
The flame wave engulfs the centaur warrior zombie.
The centaur warrior zombie is heavily damaged.
Vehumet accepts your kill.
You feel your power returning.
You feel a bit more experienced.
The flame wave engulfs the centaur warrior zombie!
The centaur warrior zombie is heavily damaged.
The flame wave engulfs the centaur warrior zombie!
The centaur warrior zombie is lightly damaged.
You finish channelling waves of flame.
The centaur warrior zombie hits you!
You die...

#.#
#.#
#.#
#.#
#.#
#.#
#.#
#4#
#@#
#Z#


ZZ# ##Z# .4# ... ..8 .... You could see 2 hellwings, 3 centaur warrior zombies
and a centaur warrior skeleton.

Vanquished Creatures
  Grinder (D:3)
  A hornet (D:10)
  2 wyverns (D:9)
  Edmund (D:6)
  A water moccasin (D:7)
  An ice beast (D:7)
  A hornet zombie (D:10)
  6 orc warriors
  A sky beast (D:7)
  5 black bears
  An ogre (D:6)
  9 centaurs
  A kobold brigand (D:10)
  A necrophage (D:5)
  4 bullfrogs
  A gnoll sergeant (D:9)
  4 scorpions
  5 wights (D:6)
  3 killer bees (D:9)
  5 howler monkeys
  An electric eel (D:6)
  5 hounds
  4 jellies
  Crazy Yiuf (D:6)
  9 orc priests
  3 iguanas
  17 orc wizards
  5 adders
  4 gnolls (D:9)
  5 shadow imps (D:10)
  A white imp (D:8)
  12 dart slugs
  43 orcs
  10 ball pythons
  4 endoplasms
  3 giant cockroaches (D:2)
  13 goblins
  10 hobgoblins
  5 jackals
  4 quokkas
  3 bats
  4 frilled lizards
  9 kobolds
  5 rats
  A bush (D:7)
235 creatures vanquished.

Vanquished Creatures (others)
  2 withered plants (D:10)
2 creatures vanquished.

Grand Total: 237 creatures vanquished

Notes
Turn   | Place    | Note
-------+----------+-------------------------------------------
     0 | D:1      | rogsnak the Draconian Air Elementalist began the quest for
                  | the Orb.
     0 | D:1      | Reached XP level 1. HP: 14/14 MP: 3/3
   193 | D:1      | Reached XP level 2. HP: 20/20 MP: 5/5
   458 | D:1      | Reached XP level 3. HP: 26/26 MP: 3/6
   623 | D:2      | Found a sparkling altar of Nemelex Xobeh.
   685 | D:2      | Found a faded altar of an unknown god.
  1316 | D:3      | Noticed Grinder
  1436 | D:3      | Found a sacrificial altar of Ru.
  1441 | D:3      | Became a worshipper of Ru the Awakened
  1556 | D:3      | Reached XP level 4. HP: 16/33 MP: 4/7
  1741 | D:3      | Found a shadowy altar of Dithmenos.
  1752 | D:3      | Learned a level 4 spell: Airstrike
  1840 | D:3      | Reached XP level 5. HP: 36/38 MP: 1/8
  2304 | D:3      | Paralysed by Grinder for 3 turns
  2316 | D:3      | Killed Grinder
  2317 | D:3      | Reached skill level 4 in Air Magic
  2317 | D:3      | Reached XP level 6. HP: 29/45 MP: 5/10
  2822 | D:4      | Reached skill level 5 in Conjurations
  2941 | D:4      | Your scales start taking on a pale cyan-grey colour.
  2941 | D:4      | Reached skill level 5 in Air Magic
  2941 | D:4      | Reached XP level 7. HP: 51/51 MP: 9/12
  2941 | D:4      | Gained mutation: You are immune to the effects of steam.
                  | [Pale Draconian growth]
  3513 | D:4      | Found a staircase to the Ecumenical Temple.
  3523 | Temple   | Entered the Ecumenical Temple
  3523 | Temple   | Found a transporter.
  3523 | Temple   | Found a transporter.
  3525 | Temple   | Found a transporter.
  3525 | Temple   | Found a transporter.
  3566 | Temple   | Fell from the grace of Ru
  3566 | Temple   | Became a worshipper of Vehumet
  3596 | D:4      | Learned a level 4 spell: Flame Wave
  3610 | D:4      | Reached skill level 1 in Fighting
  3762 | D:5      | Entered Level 5 of the Dungeon
  3985 | D:5      | Reached XP level 8. HP: 59/59 MP: 11/14
  4348 | D:5      | Found a large runed translucent door.
  4353 | D:5      | Found a large runed translucent door.
  4361 | D:5      | Found a sparkling altar of Nemelex Xobeh.
  4366 | D:5      | Found a white marble altar of Elyvilon.
  4738 | D:5      | Reached skill level 5 in Spellcasting
  4738 | D:5      | Reached skill level 6 in Air Magic
  5043 | D:6      | Reached * piety under Vehumet
  5043 | D:6      | Offered knowledge of Sandblast by Vehumet.
  5237 | D:6      | Noticed Edmund
  5243 | D:6      | Killed Edmund
  5287 | D:6      | Identified the +0 cloak of Trumpets {Int+2}
  5334 | D:6      | Reached XP level 9. HP: 64/64 MP: 18/18
  5353 | D:6      | Reached skill level 7 in Air Magic
  5566 | D:6      | Found a runed translucent door.
  5567 | D:6      | Noticed Crazy Yiuf
  5578 | D:6      | Killed Crazy Yiuf
  6241 | D:7      | Found a blossoming altar of Fedhas.
  6265 | D:7      | Found a flagged portal.
  6434 | D:7      | Found a shimmering blue altar of Sif Muna.
  6440 | D:7      | Offered knowledge of Freeze by Vehumet.
  6468 | D:7      | Reached ** piety under Vehumet
  6634 | D:7      | Found an iron altar of Okawaru.
  6768 | D:7      | Reached skill level 8 in Air Magic
  7016 | D:7      | Found a broken altar of Ashenzari.
  7030 | D:7      | Found a snail-covered altar of Cheibriados.
  7034 | D:7      | Found a shimmering altar of Xom.
  7047 | D:7      | Found a hide-covered altar of Uskayaw.
  7049 | D:7      | Found an ancient bone altar of Kikubaaqudgha.
  7350 | D:8      | Found a glowing golden altar of the Shining One.
  7432 | D:8      | Found an ornate altar of the Wu Jian Council.
  7441 | D:8      | Found a staircase to the Lair.
  7774 | D:8      | Found a burning altar of Makhleb.
  8052 | D:9      | Reached XP level 10. HP: 57/73 MP: 17/22
  8228 | D:9      | Offered knowledge of Scorch by Vehumet.
  8240 | D:9      | Upgraded the game from 0.29.0-11-gd7f09526c8 to
                  | 0.29.0-13-gc9e81de378
  8352 | D:9      | Reached skill level 9 in Air Magic
  8780 | D:10     | Entered Level 10 of the Dungeon
  9024 | D:10     | Reached *** piety under Vehumet
  9452 | D:10     | Found a staircase to the Orcish Mines.
  9462 | D:10     | Found Reac's Armour Emporium.
  9756 | D:10     | Slain by a centaur warrior zombie

Illustrated notes

Levels and vault maps discovered:
D:1:      minmay_arrival_jagged, layout_basic
D:2:      layout_loops_ring, shapermc_ecumenical_altar_pompeii, basic_altar
D:3:      layout_basic, mainiacjoe_overflow_24_doors,
          nicolae_dithmenos_shadow_blocks, serial_bayou_pond_e,
          minmay_pentomino_pile, uniq_grinder
D:4:      layout_basic, temple_doors_e, ebering_dispersal_statue_hall
D:5:      layout_loops_corners, jmf_multi_god_temple2, roderic_roman_lattice
D:6:      kennysheep_slugbush, layout_cave_pools, minivault_24,
          uniq_crazy_yiuf_cottage, uniq_edmund
D:7:      layout_loops_ring, mainiacjoe_overflow_catwalk_spiral,
          lemuel_coloured_pillars_altar, minmay_overflow_temple_star_hex,
          enter_bailey_5, kb_lookout_dungeons_type, corexii_hall_statues_i,
          centaur_isle
D:8:      layout_basic, lemuel_round_altar, lemuel_doored_altar,
          mainiacjoe_overflow_catwalk, dpeg_oklobed_lair
D:9:      layout_gridville
D:10:     cheibrodos_grave_circle, layout_loops_ring, orc_david_3,
          minmay_misc_feat_tiny, hangedman_abyss_or_decor_stagger
Temple:   hellmonk_temple_divided_pantheon

Skill      XL: |  1  2  3  4  5  6  7  8  9 10 |
---------------+-------------------------------+-----
Dodging        | 2 3 |  3.7
Conjurations   | 2 3 4 5 6 7 8 |  8.7
Stealth        | 2 |  2.0
Spellcasting   | 3 4 6 8 |  8.8
Air Magic      | 4 5 6 8 9 |  9.6
Fighting       | 1 |  1.7
Fire Magic     | |  0.3

Action                   |  1- 3 |  4- 6 |  7- 9 | 10-12 || total
-------------------------+-------+-------+-------+-------++-------
Melee: Short sword       |     4 |       |       |       ||     4
       Tailslap          |     2 |     4 |    19 |       ||    25
       Dagger            |     8 |    12 |   104 |       ||   124
       Punch             |       |       |     3 |     1 ||     4
       Halberd           |       |       |     1 |       ||     1
       Falchion          |       |       |       |    10 ||    10
 Cast: Shock             |    84 |    77 |   198 |    39 ||   398
       Airstrike         |       |       |    45 |    38 ||    83
       Flame Wave        |       |       |     8 |     9 ||    17
 Abil: Breathe Steam     |       |       |     3 |     3 ||     6
  Use: Scroll            |       |       |       |     1 ||     1
 Stab: Distracted        |       |       |     1 |       ||     1
       Sleeping          |       |       |     1 |     1 ||     2
Armor: Skin              |     4 |     1 |    63 |    28 ||    96
Dodge: Dodged            |    25 |    11 |   107 |    56 ||   199
